 Dungeon Crawl Stone Soup version 0.16-a0-286-g6bac339 (webtiles) character file.

140399 Ololoev the Grappler (level 16, -9/163 HPs)
             Began as a Troll Monk on Aug 28, 2014.
             Was the Champion of Okawaru.
             Mangled by a giant leech (20 damage)
             ... on Level 1 of the Swamp.
             The game lasted 03:29:15 (38947 turns).

Ololoev the Grappler (Troll Monk)                  Turns: 38947, Time: 03:29:16

HP  -9/163       AC  8     Str 23      XL: 16   Next: 75%
MP  27/27        EV 16     Int  6      God: Okawaru [******]
Gold 1921        SH 13     Dex 17      Spells:  4 memorised,  4 levels left

rFire  + . .     SeeInvis .       - Unarmed
rCold  + + .     Clarity  +     F - +2 animal skin {rF+}
rNeg   . . .     rCorr    .     h - +2 shield
rPois  .         rRot     .     (helmet restricted)
rElec  .         Spirit   .     j - +0 cloak
SustAb .         Warding  .     (gloves unavailable)
rMut   .         Stasis   .     (boots unavailable)
Gourm  +                        l - amulet of clarity
MR     ++...                    v - ring of protection from magic
                                u - ring of Ovownargh {Wiz rC++}

@: lethally poisoned, very slightly contaminated, slowed, very slow, very
resistant to hostile enchantments, unstealthy
A: unfitting armour, claws 3, fast metabolism 3, gourmand, regeneration 2,
saprovore 2, shaggy fur 1, tough skin 2
a: Heroism, Finesse, Renounce Religion


You were on level 1 of the Swamp.
You worshipped Okawaru.
Okawaru was exalted by your worship.
You were not hungry.

You visited 6 branches of the dungeon, and saw 30 of its levels.
You also visited: Sewer, Ice Cave and Volcano.

You collected 3412 gold pieces.
You spent 1491 gold pieces at shops.

Inventory:

Armour
 h - a +2 shield (worn)
 j - a +0 cloak (worn)
 F - a +2 animal skin of fire resistance (worn)
 O - the -2 robe of Psome {Str+5}
   (You found it on level 6 of the Lair of Beasts)

   It affects your strength (+5).
Magical devices
 g - a wand of invisibility (2)
 k - a wand of disintegration (0)
 t - a wand of teleportation (3)
 K - a wand of digging (8)
 L - a wand of paralysis (4)
 P - a wand of disintegration (14)
 Q - a wand of heal wounds (5)
Comestibles
 b - 18 meat rations
 m - 5 bread rations
 r - a beef jerky
Scrolls
 d - 3 scrolls of recharging
 f - 10 scrolls of remove curse
 p - 7 scrolls of enchant armour
 q - 2 scrolls of magic mapping
 s - 10 scrolls of identify
 y - 6 scrolls of teleportation
 D - 3 scrolls of immolation
 G - 2 scrolls of blinking
 H - 4 scrolls of holy word
 J - a scroll of silence
 M - 5 scrolls of fog
Jewellery
 l - an amulet of clarity (around neck)
 o - an uncursed ring of flight
 u - the ring of Ovownargh (left claw) {Wiz rC++}
   (You took it off an efreet on level 15 of the Dungeon)

   [ring of wizardry]

   It improves your spell success rate.
   It greatly protects you from cold.
 v - a ring of protection from magic (right claw)
 x - an uncursed ring of teleport control
Potions
 a - a potion of cancellation
 e - 2 potions of heal wounds
 i - 6 potions of restore abilities
 n - 15 potions of curing
 w - 5 potions of might
 z - 2 potions of haste
 A - 5 potions of agility
 B - 2 potions of invisibility
 C - a potion of magic
 E - 2 potions of resistance
Miscellaneous
 c - a lantern of shadows
 R - a phial of floods (inert)
 S - a sack of spiders {used: 2}
Rods
 T - a +0 rod of inaccuracy (3/14)
   (You found it on level 14 of the Dungeon)


   Skills:
 - Level 11.5 Fighting
 - Level 10.0 Dodging
 - Level 1.1 Stealth
 - Level 7.4 Shields
 - Level 14.5 Unarmed Combat
 + Level 4.1 Summonings
 - Level 2.1 Translocations
 + Level 4.4 Ice Magic
 - Level 12.3 Evocations


You had 4 spell levels left.
You knew the following spells:

 Your Spells              Type           Power        Failure   Level  Hunger
a - Apportation           Tloc           #.........   9%          1    ##.....
b - Blink                 Tloc           N/A          14%         2    ###....
c - Passage of Golubria   Tloc           N/A          87%         4    #####..
d - Summon Ice Beast      Ice/Summ       #.......     54%         4    #####..


Dungeon Overview and Level Annotations

Branches:
Dungeon (15/15)            Temple (1/1) D:6             Orc (4/4) D:10
    Elf (0/3) Orc:3          Lair (8/8) D:10          Swamp (1/5) Lair:3
 Spider (0/5) Lair:3        Slime (0/6) Lair:6       Vaults (0/5) D:14
 Depths (1/5) D:15

Altars:
Ashenzari
Cheibriados
Dithmenos
Elyvilon
Fedhas
Gozag
Kikubaaqudgha
Makhleb
Nemelex Xobeh
Okawaru
Qazlal
Sif Muna
Trog
Vehumet
Xom
Yredelemnul
Zin
The Shining One
Beogh

Shops:
D:8 !}   Orc:4 [?!!:


Innate Abilities, Weirdness & Mutations

You are too large for most types of armour.
You have claws for hands.
Your metabolism is lightning-fast.
You like to eat raw meat.
You heal very quickly.
You can eat rotten meat.
You are covered in fur (AC +1).
You have very tough skin (AC +2).


Message History

You feel yourself slow down.
The spriggan rider hits you from afar with a spear.
* * * LOW HITPOINT WARNING * * *
Drink which item? (? for menu, Esc to quit)
You feel much better.
You feel sick.
The yellow wasp is no longer bleeding.
You block the yellow wasp's attack. The yellow wasp closely misses you.
The spriggan rider misses you.
You flicker back into view.
You feel yourself speed up.
You feel sick. The yellow wasp stings you!
* * * LOW HITPOINT WARNING * * *
You feel yourself slow down.
The spriggan rider hits you with a spear!!
* * * LOW HITPOINT WARNING * * *
The giant leech barely misses you.
Drink which item? (? for menu, Esc to quit)
You feel much better. You block the yellow wasp's attack.
The spriggan rider hits you with a spear!!
* * * LOW HITPOINT WARNING * * *
You block the yellow wasp's attack. The giant leech bites you!!
You die...

.≈.♣♣♣♣... .≈≈≈♣♣..♣♣.
≈≈≈....... ♣♣..≈.≈≈.♣..♣./≈
≈≈≈.≈≈≈.≈...♣..≈≈....♣..%..≈.
....≈≈≈.≈≈≈...≈≈≈≈.≈P..≈≈≈.♣.
≈♣≈.≈≈..≈≈≈...≈♣♣≈.≈≈≈.≈≈≈...
≈...♣.≈≈≈≈.....≈≈≈.≈≈≈.≈≈≈≈...
.♣♣♣♣≈≈≈.≈.♣.♣..≈.....≈≈≈...♣
.♣♣WW.≈.♣≈♣.♣.♣.≈.≈.♣.≈≈≈...♣
.WW♣♣♣♣♣♣ ♣♣§≈%.@%≈..♣...≈≈..
..♣♣ ♣.≈≈♣wyi≈≈.≈≈≈≈.♣♣. .≈♣
♣.≈≈≈.≈≈≈..≈≈≈≈.♣ §≈♣
♣≈≈≈≈.....≈♣≈≈≈.≈≈ ≈ W♣♣
♣♣>...≈≈≈≈.≈≈≈...≈ .. W♣
♣.♣..♣≈≈≈≈.≈≈.≈≈≈ ≈≈. <♣
♣....♣≈.....≈♣. ≈≈≈. .♣
♣♣.♣.♣♣..♣≈≈≈≈♣.≈ .≈≈≈≈ .♣
♣....♣♣♣.≈§≈§.≈≈≈ ≈≈♣.≈


You could see a giant leech, a spriggan rider and a yellow wasp.

Vanquished Creatures
  A sphinx (D:15)
  2 frost giants
  2 ettins (Depths:1)
  A vault guard (D:14)
  The ghost of Sneal the Grim Reaper, a powerful CeDK of Yredelemnul (Lair:2)
  3 hydras
  An ice dragon (D:10)
  3 centaur warriors
  5 death yaks
  A tengu warrior (D:14)
  A skeletal warrior (D:12)
  A deep elf summoner (Depths:1)
  5 hill giants
  2 wolf spiders (Lair:8)
  A necromancer (D:14)
  The ghost of namelastname112 the Sinner, an experienced DrHe of Elyvilon (D:6)
  7 ugly things
  2 griffons
  A statue (Volcano)
  A deep elf conjurer (D:15)
  A wizard (D:15)
  4 cyclopes
  6 orc knights (Orc:4)
  3 orc sorcerers
  A guardian serpent (Lair:8)
  A guardian serpent (shapeshifter) (D:15)
  Maurice (D:8)
  2 gargoyles
  A manticore (D:13)
  6 black mambas
  4 elephants (Lair:6)
  A torpor snail (Lair:4)
  3 molten gargoyles (D:13)
  11 spiny frogs
  8 komodo dragons
  A naga mage (D:15)
  A centaur skeleton (D:12)
  An efreet (Volcano)
  2 fire drakes
  14 polar bears (IceCv)
  3 two-headed ogres
  A merfolk (Orc:4)
  5 trolls
  15 blink frogs
  A bog body (Swamp:1)
  3 ravens
  A trapdoor spider zombie (D:11)
  A jumping spider (shapeshifter) (D:15)
  3 basilisks
  2 trapdoor spiders
  4 wyverns
  13 humans
  2 shadows
  8 hippogriffs
  55 yaks
  A hill giant zombie (D:11)
  A water elemental (D:15)
  Eustachio (D:5)
  3 deep elf magi
  A fire bat (Volcano)
  2 spriggans
  A vampire mosquito (Swamp:1)
  A hill giant skeleton (D:8)
  4 swamp worms (Swamp:1)
  Menkaure (D:4)
  15 wolves
  7 wargs
  15 water moccasins
  13 porcupines
  2 tengu skeletons (D:15)
  20 ice beasts
  A black bear (Lair:5)
  15 ogres
  A necrophage (D:7)
  3 spiders (Lair:8)
  22 orc warriors
  5 sky beasts
  A boring beetle (Lair:8)
  6 crocodiles
  A swamp drake (Swamp:1)
  2 phantoms
  Duvessa (D:6)
  12 centaurs
  9 big kobolds
  Blork the orc (D:5)
  12 giant frogs
  A cyclops zombie (D:10)
  A wyvern skeleton (D:6)
  4 scorpions
  3 jellies
  4 electric eels
  2 eyes of draining
  A killer bee (D:9)
  3 wights (D:5)
  Dowan (D:6)
  3 goliath beetles
  A hippogriff skeleton (D:11)
  3 crimson imps
  2 two-headed ogre zombies
  5 lava snakes (Volcano)
  A quasit (D:11)
  A basilisk zombie (D:7)
  8 orc wizards
  11 hounds
  11 iguanas
  4 orange rats (Lair:4)
  16 worker ants
  6 orc priests
  A killer bee zombie (D:8)
  19 sheep
  An ogre zombie (D:6)
  A big kobold skeleton (D:10)
  2 mummies
  13 gnolls
  86 green rats
  27 adders
  4 shadow imps
  A giant mite (D:4)
  An inept item mimic (D:4)
  3 worms (D:2)
  An adder skeleton (D:7)
  An orc zombie (D:11)
  7 giant geckos
  6 oozes
  76 orcs
  10 giant cockroaches
  12 goblins
  18 hobgoblins
  18 jackals
  2 ball pythons
  14 bats
  3 giant newts
  A goblin skeleton (D:4)
  A jackal skeleton (D:7)
  24 kobolds
  A kobold zombie (D:5)
  An orc skeleton (D:9)
  8 quokkas
  19 rats
  A rat zombie (D:5)
  2 ballistomycetes (D:11)
  A plant (D:2)
889 creatures vanquished.

Vanquished Creatures (collateral kills)
  A deep elf blademaster (Orc:4)
  A stone giant (Orc:4)
  A war gargoyle (D:15)
  An ettin (D:15)
  A merfolk javelineer (Orc:4)
  Nessos (Orc:3)
  2 centaur warriors
  4 hydras
  A death yak (Lair:7)
  2 ogre magi (D:15)
  Urug (D:10)
  2 skeletal warriors (D:12)
  Erolcha (D:10)
  2 unseen horrors
  7 hill giants
  2 ice statues
  A necromancer (D:14)
  A wizard (D:14)
  2 orc knights (Orc:4)
  10 ugly things
  A wolf spider (Lair:8)
  2 red wasps
  A water nymph (shapeshifter) (D:11)
  A griffon (Lair:8)
  2 cyclopes
  4 elephants
  4 black mambas
  A molten gargoyle (D:13)
  A gargoyle (Volcano)
  A yaktaur (D:14)
  6 spiny frogs
  An efreet (D:15)
  A fire drake (Lair:5)
  A tengu conjurer (D:15)
  A merfolk (Orc:4)
  A queen bee (shapeshifter) (Depths:1)
  10 blink frogs
  Sonja (D:11)
  A polar bear (IceCv)
  A bog body (Swamp:1)
  5 two-headed ogres
  2 basilisks
  A shadow (D:15)
  8 humans (D:14)
  11 yaks
  A fire bat (Volcano)
  2 hungry ghosts
  3 hippogriffs
  2 mottled dragons (D:15)
  A swamp worm (Swamp:1)
  2 wargs (Orc:4)
  Edmund (D:9)
  2 vampire mosquitoes (Swamp:1)
  A wolf (IceCv)
  A hydra simulacrum (D:15)
  A human skeleton (D:14)
  2 porcupines
  7 water moccasins
  A swamp drake (Swamp:1)
  5 spiders (Lair:8)
  16 orc warriors
  17 ice beasts
  3 yellow wasps (Lair:8)
  A necrophage (D:10)
  9 ogres
  3 centaurs (D:14)
  A boring beetle (Lair:7)
  A big kobold (D:8)
  A gnoll sergeant (D:7)
  5 insubstantial wisps (Swamp:1)
  An earth elemental (Volcano)
  8 giant frogs
  2 killer bees (D:9)
  3 electric eels
  3 lava snakes
  12 wights
  6 orc priests
  3 jellies
  2 iguanas
  3 hounds
  4 worker ants
  A centaur skeleton (D:6)
  A gnoll shaman (D:6)
  15 orc wizards
  3 orange rats (Lair:4)
  2 sheep (D:15)
  A mummy (D:10)
  2 gnolls (D:6)
  8 adders
  17 green rats
  An orc skeleton (D:14)
  2 giant mites (D:6)
  3 oozes (Lair:6)
  68 orcs
  A ball python (D:6)
  2 bats (D:10)
  A giant cockroach (D:6)
  6 goblins
  A hobgoblin (Orc:2)
  2 quokkas
  A giant newt (D:6)
  A giant spore (D:11)
  A rat (D:10)
389 creatures vanquished.

Vanquished Creatures (others)
  A water elemental (Lair:8)
  A fire vortex (Volcano)
  A polar bear (IceCv)
  6 trapdoor spiders (Orc:4)
  237 shadows
  A redback (Orc:4)
  2 yaks (IceCv)
  4 wolves (IceCv)
  A giant frog (D:9)
  3 fungi
257 creatures vanquished.

Grand Total: 1535 creatures vanquished

Notes
Turn   | Place    | Note
--------------------------------------------------------------
     0 | D:1      | Ololoev, the Troll Monk, began the quest for the Orb.
     0 | D:1      | Reached XP level 1. HP: 22/22 MP: 1/1
    76 | D:1      | Reached XP level 2. HP: 5/29 MP: 1/1
   575 | D:1      | Reached skill level 5 in Unarmed Combat
   578 | D:1      | Reached XP level 3. HP: 34/36 MP: 2/2
  1030 | D:2      | Reached XP level 4. HP: 26/44 MP: 2/2
  1270 | D:2      | Noticed an ogre
  1275 | D:2      | Killed an ogre
  1275 | D:2      | Reached skill level 6 in Unarmed Combat
  1275 | D:2      | Reached XP level 5. HP: 22/50 MP: 2/2
  1479 | D:2      | Found a white marble altar of Elyvilon.
  1694 | D:2      | Reached skill level 7 in Unarmed Combat
  1956 | D:3      | Noticed an ice beast
  1962 | D:3      | Killed an ice beast
  1962 | D:3      | Reached skill level 1 in Shields
  1962 | D:3      | Reached XP level 6. HP: 41/59 MP: 3/3
  2425 | D:3      | Found a snail-covered altar of Cheibriados.
  2568 | D:3      | Found a sparkling altar of Nemelex Xobeh.
  2755 | D:4      | Noticed Menkaure
  2762 | D:4      | Killed Menkaure
  2762 | D:4      | Reached skill level 8 in Unarmed Combat
  2762 | D:4      | Reached XP level 7. HP: 26/66 MP: 3/3
  2934 | D:4      | Found a radiant altar of Vehumet.
  3407 | D:5      | Entered Level 5 of the Dungeon
  3728 | D:5      | Found a shattered altar of Ashenzari.
  3732 | D:5      | Noticed Blork the orc
  3739 | D:5      | Reached skill level 9 in Unarmed Combat
  3747 | D:5      | Killed Blork the orc
  3938 | D:5      | Reached XP level 8. HP: 67/74 MP: 3/3
  4131 | D:5      | Noticed Eustachio
  4141 | D:5      | Killed Eustachio
  4141 | D:5      | Reached skill level 10 in Unarmed Combat
  4550 | D:6      | Noticed namelastname112's ghost (experienced DrHe)
  4560 | D:6      | Killed namelastname112's ghost
  4579 | D:6      | Found a staircase to the Ecumenical Temple.
  4588 | Temple   | Entered the Ecumenical Temple
  4623 | Temple   | Became a worshipper of Warmaster Okawaru
  4623 | Temple   | Acquired Okawaru's first power
  4712 | D:6      | Noticed Dowan
  4713 | D:6      | Noticed Duvessa
  4721 | D:6      | Killed Duvessa
  4721 | D:6      | Reached skill level 11 in Unarmed Combat
  4726 | D:6      | Killed Dowan
  4875 | D:6      | Reached XP level 9. HP: 72/80 MP: 4/4
  4970 | D:6      | Found a glowing drain.
  4992 | Sewer    | Entered a sewer
  5419 | Sewer    | Reached skill level 5 in Shields
  6631 | D:7      | Reached skill level 12 in Unarmed Combat
  7290 | D:7      | Found a shimmering altar of Xom.
  7291 | D:7      | Found a bloodstained altar of Trog.
  7359 | D:7      | Reached XP level 10. HP: 82/88 MP: 4/4
  7538 | D:8      | Found Ibaurufu's Distillery.
  7547 | D:8      | Bought a potion of agility for 27 gold pieces
  7547 | D:8      | Bought a potion of heal wounds for 33 gold pieces
  7547 | D:8      | Bought a potion of heal wounds for 33 gold pieces
  7547 | D:8      | Bought a potion of magic for 60 gold pieces
  7547 | D:8      | Bought a potion of resistance for 77 gold pieces
  7704 | D:8      | Noticed Maurice
  7713 | D:8      | Killed Maurice
  7915 | D:8      | Found Kifrailo's Gadget Emporium.
  7934 | D:8      | Bought a lantern of shadows for 200 gold pieces
  8334 | D:9      | Noticed a hill giant
  8383 | D:9      | Killed a hill giant
  8791 | D:9      | You fall through a shaft!
  8791 | D:10     | Entered Level 10 of the Dungeon
  8811 | D:10     | Found a staircase to the Orcish Mines.
  8938 | D:10     | Reached skill level 13 in Unarmed Combat
  8950 | D:10     | Reached skill level 1 in Evocations
  9388 | D:9      | Noticed Edmund
  9410 | D:9      | Killed Edmund
  9497 | D:9      | Found a deep blue altar of Sif Muna.
 10061 | D:9      | Got a smoking bone amulet
 10062 | D:9      | Identified the amulet of Ghan {Gourm Dex+3 Int+1} (You found it on level 9 of the Dungeon)
 10159 | D:10     | Found a staircase to the Lair.
 10159 | D:10     | Noticed an elephant
 10171 | D:10     | Acquired Okawaru's second power
 10242 | D:10     | Killed an elephant
 10294 | D:10     | Got a pitted brass amulet
 10296 | D:10     | Identified the amulet of Grurakh {Inacc rC-} (You found it on level 10 of the Dungeon)
 10400 | D:10     | Noticed Erolcha
 10411 | D:10     | Reached XP level 11. HP: 46/101 MP: 9/10
 10441 | D:10     | Killed Erolcha
 10445 | D:10     | Received a gift from Okawaru
 10478 | D:10     | Found a glowing golden altar of the Shining One.
 10508 | D:10     | Noticed Urug
 10529 | D:10     | Killed Urug
 10529 | D:10     | Reached skill level 5 in Fighting
 10567 | D:10     | Noticed a griffon
 10576 | D:10     | Killed a griffon
 10638 | D:10     | Noticed a hill giant
 10645 | D:10     | Killed a hill giant
 10689 | D:10     | Noticed a hill giant
 10695 | D:10     | Killed a hill giant
 11320 | D:10     | Noticed an ice statue
 11763 | D:10     | Killed an ice statue
 11763 | D:10     | Reached skill level 5 in Evocations
 12085 | D:10     | Noticed an ice dragon
 12094 | D:10     | Killed an ice dragon
 12264 | D:10     | Noticed a frost giant
 12334 | D:10     | Killed a frost giant
 12983 | D:10     | Noticed a hill giant
 12990 | D:10     | Killed a hill giant
 13201 | D:11     | Found an iron altar of Okawaru.
 13249 | D:11     | Noticed a hill giant
 13256 | D:11     | Killed a hill giant
 13395 | D:11     | Found a deep blue altar of Sif Muna.
 13427 | D:11     | Gained mutation: Armour fits poorly on your strangely shaped body. [mutagenic meat]
 13428 | D:11     | Gained mutation: You are partially covered in slimy green scales (AC +2). [mutagenic meat]
 13429 | D:11     | Gained mutation: You can translocate small distances at will. [mutagenic meat]
 13430 | D:11     | Gained mutation: You are weak. (Str -2) [mutagenic meat]
 13454 | D:11     | Reached XP level 12. HP: 79/119 MP: 18/18
 13485 | D:11     | Received a gift from Okawaru
 13668 | D:11     | Noticed Sonja
 13679 | D:11     | Killed Sonja
 13712 | D:11     | Gained mutation: You have sharp toenails. [mutagenic meat]
 13713 | D:11     | Gained mutation: You occasionally shout uncontrollably at your foes. [mutagenic meat]
 13715 | D:11     | Gained mutation: Potions and wands are less effective at restoring your health. [mutagenic meat]
 13716 | D:11     | Lost mutation: Armour fits poorly on your strangely shaped body. [potion of mutation]
 13716 | D:11     | Gained mutation: You are somewhat resistant to further mutation. [potion of mutation]
 13776 | D:11     | Noticed a hill giant
 13803 | D:11     | Killed a hill giant
 15215 | D:12     | Found a staircase to the Orcish Mines.
 15579 | D:13     | Noticed a centaur warrior
 15589 | D:13     | Killed a centaur warrior
 15613 | D:13     | Received a gift from Okawaru
 15703 | D:13     | Reached skill level 10 in Fighting
 15821 | D:13     | Noticed a centaur warrior
 15830 | D:13     | Killed a centaur warrior
 16593 | D:14     | Found a frozen archway.
 16597 | D:14     | Noticed a centaur warrior
 16605 | D:14     | Reached XP level 13. HP: 129/133 MP: 22/22
 16635 | D:14     | Killed a centaur warrior
 16687 | IceCv    | Entered an ice cave
 17209 | IceCv    | Reached skill level 10 in Evocations
 17365 | IceCv    | Received a gift from Okawaru
 17756 | IceCv    | Noticed a frost giant
 17770 | IceCv    | Killed a frost giant
 18375 | D:14     | Received a gift from Okawaru
 18544 | D:14     | Noticed a vault guard
 18607 | D:14     | Killed a vault guard
 18844 | D:14     | Identified a +0 rod of inaccuracy (14/14) (You found it on level 14 of the Dungeon)
 19025 | D:14     | Noticed a centaur warrior
 19032 | D:14     | Killed a centaur warrior
 19603 | D:14     | Found a gate to the Vaults.
 19647 | D:15     | Entered Level 15 of the Dungeon
 19899 | D:15     | Reached XP level 14. HP: 101/143 MP: 25/25
 20998 | D:15     | Got a heavily runed steel ring
 21002 | D:15     | Identified the ring of Ovownargh {Wiz rC++} (You took it off an efreet on level 15 of the Dungeon)
 21120 | D:15     | Noticed a war gargoyle
 21120 | D:15     | Noticed a sphinx
 21318 | D:15     | Killed a war gargoyle
 21318 | D:15     | Reached skill level 5 in Dodging
 21574 | D:15     | Killed a sphinx
 21613 | D:15     | Got an ichor-stained battleaxe
 21619 | D:15     | Identified the +10 battleaxe of Raible Lerae {drain, rElec} (You found it on level 15 of the Dungeon)
 21721 | D:15     | Found a staircase to the Depths.
 22149 | Depths:1 | Entered Level 1 of the Depths
 22171 | Depths:1 | Received a gift from Okawaru
 22513 | D:8      | Bought a plain deck of wonders for 140 gold pieces
 22513 | D:8      | Bought a wand of heal wounds (1) for 300 gold pieces
 22524 | D:8      | Lost mutation: You have sharp toenails. [helix card]
 22593 | Orc:1    | Entered Level 1 of the Orcish Mines
 23507 | Orc:2    | Found a burning altar of Makhleb.
 23859 | Orc:3    | Noticed Nessos
 23873 | Orc:3    | Killed Nessos
 24104 | Orc:3    | Found a staircase to the Elven Halls.
 24417 | Orc:4    | Entered Level 4 of the Orcish Mines
 24417 | Orc:4    | Found Kane's Distillery.
 24424 | Orc:4    | Bought a potion of mutation for 30 gold pieces
 24424 | Orc:4    | Bought a potion of flight for 36 gold pieces
 24685 | Orc:4    | Found Wyisuff's Antique Armour Shop.
 24685 | Orc:4    | Found Schike's Magic Scroll Shoppe.
 24793 | Orc:4    | Was placed under penance by Okawaru
 24934 | Orc:4    | Bought a colourful robe for 131 gold pieces
 24945 | Orc:4    | Identified the cursed -5 robe of Misfortune {-Cast Contam *Tele EV-4 Str-2 Dex-2 Int-2 Stlth-- Curse} (You bought it in a shop on level 4 of the Orcish Mines)
 24979 | Orc:4    | Bought a scroll of identify for 26 gold pieces
 24979 | Orc:4    | Bought a scroll of fog for 26 gold pieces
 24979 | Orc:4    | Bought a scroll of blinking for 97 gold pieces
 24979 | Orc:4    | Bought a scroll of fog for 26 gold pieces
 24979 | Orc:4    | Bought a scroll of identify for 26 gold pieces
 24979 | Orc:4    | Bought a scroll of enchant armour for 97 gold pieces
 25456 | Orc:4    | Noticed a deep elf blademaster
 25465 | Orc:4    | Killed a deep elf blademaster
 25529 | Orc:4    | Was forgiven by Okawaru
 26012 | Orc:4    | Found Thop's Distillery.
 26012 | Orc:4    | Found Wyunosoxt's Book Shoppe.
 26017 | Orc:4    | Bought a potion of heal wounds for 42 gold pieces
 26017 | Orc:4    | Bought a potion of berserk rage for 42 gold pieces
 26017 | Orc:4    | Bought a potion of heal wounds for 42 gold pieces
 26039 | Orc:4    | Found a roughly hewn altar of Beogh.
 26448 | Lair:1   | Entered Level 1 of the Lair of Beasts
 26463 | Lair:1   | Found a dark tunnel.
 26470 | Volcano  | Entered a volcano
 26814 | Volcano  | Reached skill level 14 in Unarmed Combat
 26880 | Volcano  | Found a burning altar of Makhleb.
 27019 | Volcano  | Reached XP level 15. HP: 108/153 MP: 27/27
 27199 | Lair:1   | Received a gift from Okawaru
 28051 | Lair:2   | Noticed Sneal's ghost (powerful CeDK)
 28064 | Lair:2   | Killed Sneal's ghost
 28738 | Lair:2   | Found a stormy altar of Qazlal.
 28776 | Lair:2   | Reached XP level 16. HP: 146/162 MP: 27/27
 29790 | Lair:3   | Found a hole to the Spider Nest.
 30200 | Lair:3   | Found a staircase to the Swamp.
 31146 | Lair:4   | Learned a level 1 spell: Apportation
 31149 | Lair:4   | Learned a level 2 spell: Blink
 31154 | Lair:4   | Learned a level 4 spell: Passage of Golubria
 31353 | Lair:4   | HP: 8/163 [wolf (7)]
 32851 | Lair:5   | Reached skill level 10 in Dodging
 32940 | Lair:5   | Received a gift from Okawaru
 32960 | Lair:5   | Got a transparent long sword {god gift}
 32961 | Lair:5   | Identified the +1 long sword "Geuhian" {slice, rElec} (Okawaru gifted it to you on level 5 of the Lair of Beasts)
 33791 | Lair:6   | Learned a level 4 spell: Summon Ice Beast
 33962 | Lair:6   | Found a staircase to the Slime Pits.
 34008 | Lair:6   | Got a fine robe
 34019 | Lair:6   | Identified the -2 robe of Psome {Str+5} (You found it on level 6 of the Lair of Beasts)
 34105 | Lair:6   | Reached skill level 1 in Summonings
 34105 | Lair:6   | Reached skill level 1 in Ice Magic
 34180 | Lair:6   | Reached skill level 1 in Translocations
 34370 | Lair:6   | Lost mutation: You occasionally shout uncontrollably at your foes. [potion of cure mutation]
 34370 | Lair:6   | Lost mutation: You are weak. (Str -2) [potion of cure mutation]
 34370 | Lair:6   | Lost mutation: Potions and wands are less effective at restoring your health. [potion of cure mutation]
 34370 | Lair:6   | Lost mutation: You are partially covered in slimy green scales (AC +2). [potion of cure mutation]
 34370 | Lair:6   | Lost mutation: You can translocate small distances at will. [potion of cure mutation]
 34370 | Lair:6   | Lost mutation: You are somewhat resistant to further mutation. [potion of cure mutation]
 36261 | Lair:8   | Entered Level 8 of the Lair of Beasts
 37337 | Lair:8   | Received a gift from Okawaru
 37937 | Lair:8   | Found an opulent altar of Gozag.
 38418 | Swamp:1  | Entered Level 1 of the Swamp
 38946 | Swamp:1  | HP: 7/163 [spriggan rider/spear (26)]
 38947 | Swamp:1  | Mangled by a giant leech

Action                   |  1- 3 |  4- 6 |  7- 9 | 10-12 | 13-15 | 16-18 || total
-------------------------+-------+-------+-------+-------+-------+-------++-------
Melee: Unarmed           |   100 |   101 |   426 |   610 |   833 |   710 ||  2780
 Abil: Evoke Flight      |       |       |       |    16 |       |       ||    16
       Stop Flying       |       |       |       |     1 |       |       ||     1
Evoke: Wand              |       |     2 |    15 |    18 |    36 |    23 ||    94
       Deck              |       |       |       |       |     8 |       ||     8
       Rod               |       |       |       |       |     4 |     4 ||     8
       Sack of spiders   |       |       |       |       |     2 |       ||     2
       Phial of floods   |       |       |       |       |       |     1 ||     1
  Use: Scroll            |     3 |     5 |     6 |    12 |    16 |     8 ||    50
       Potion            |       |       |       |     6 |     9 |    12 ||    27
 Stab: Sleeping          |       |     2 |     6 |     1 |       |     1 ||    10
       Distracted        |       |       |       |     2 |     4 |     6 ||    12
       Fleeing           |       |       |       |       |     1 |       ||     1
       Paralysed         |       |       |       |       |     1 |       ||     1
  Eat: Chunk             |    15 |    13 |    36 |    49 |   101 |    79 ||   293
       Beef jerky        |       |       |       |     4 |     2 |     3 ||     9
       Fruit             |       |       |       |     2 |       |       ||     2
       Pizza             |       |       |       |     2 |     1 |     2 ||     5
       Royal jelly       |       |       |       |     3 |       |       ||     3
       Bread ration      |       |       |       |     5 |     3 |     1 ||     9
